 Dungeon Crawl Stone Soup version 0.22-a0-565-gfc6459a (webtiles) character file.

770 Hebeh the Chopper (level 7, 0/62 HPs)
             Began as a Minotaur Fighter on June 28, 2018.
             Succumbed to a killer bee's poison
             ... on level 5 of the Dungeon.
             The game lasted 00:11:43 (3676 turns).

Hebeh the Chopper (Minotaur Fighter)                Turns: 3676, Time: 00:11:43

Health: 0/62       AC:  7    Str: 23    XL:     7   Next: 52%
Magic:  6/6        EV:  8    Int:  5    God:
Gold:   216        SH: 10    Dex:  9    Spells: 6/6 levels left

rFire    . . .     SeeInvis .   b - +4 mace
rCold    . . .     Gourm    .   c - +0 shield
rNeg     . . .     Faith    .   q - +0 ring mail (curse)
rPois    +         Spirit   .   (helmet restricted)
rElec    .         Reflect  .   (no cloak)
rCorr    .         Harm     +   w - +0 pair of gloves
MR       .....                  (no boots)
Stlth    ..........             j - amulet of harm
HPRegen  0.20/turn              v - ring of poison resistance
MPRegen  0.10/turn              n - ring of flight

@: lethally poisoned (0 -> -7)
A: retaliatory headbutt, horns 2
a: Evoke Flight


You were on level 5 of the Dungeon.
You were not hungry.

You visited 1 branch of the dungeon, and saw 5 of its levels.

You collected 216 gold pieces.

Inventory:

Hand Weapons
 a - a +0 war axe
 b - a +4 mace (weapon)
Armour
 c - a +0 shield (worn)
 m - a +0 scale mail
 q - a cursed +0 ring mail (worn)
 t - a +0 plate armour
 w - a +0 pair of gloves (worn)
Jewellery
 j - an amulet of harm (around neck)
 n - a ring of flight (right hand)
 v - a ring of poison resistance (left hand)
Scrolls
 o - a scroll of teleportation
 p - 2 scrolls of enchant weapon
 s - 3 scrolls of identify
Potions
 d - a potion of might
 e - a potion of cancellation {unknown}
 g - a potion of heal wounds {unknown}
 h - a potion of invisibility {unknown}
 i - a potion of berserk rage {unknown}
 k - 4 potions of curing {unknown}
 l - 2 potions of lignification {unknown}
 r - a potion of brilliance {unknown}
 u - a potion of degeneration {unknown}
Comestibles
 f - 13 rations
 x - a chunk of flesh


   Skills:
 + Level 5.8 Fighting
 * Level 6.8 Axes
 + Level 5.7 Armour
 + Level 5.8 Shields


You had 6 spell levels left.
You didn't know any spells.
Your spell library was empty.

Dungeon Overview and Level Annotations

Branches:
Dungeon (5/15)
 Temple: D:4-7

Altars:
Ashenzari
Cheibriados
Hepliaklqana
Vehumet
Xom

Shops:
D:4 [


Innate Abilities, Weirdness & Mutations

You reflexively headbutt those who attack you in melee.
You have a pair of horns on your head.


Message History

You headbutt the killer bee.
You kill the killer bee!
You feel sick. The killer bee stings you.
* * * LOW HITPOINT WARNING * * *
You block the killer bee's attack.
The killer bee stings you but does no damage.
The killer bee barely misses you.
You hit the killer bee. Your headbutt misses the killer bee.
The killer bee is moderately wounded.
You feel sick. The killer bee completely misses you. You furiously retaliate!
You headbutt the killer bee!
You kill the killer bee!
You block the killer bee's attack. The killer bee stings you.
* * * LOW HITPOINT WARNING * * *
The killer bee stings you but does no damage.
The killer bee stings you!
* * * LOW HITPOINT WARNING * * *
You hit the killer bee.
The killer bee is heavily wounded.
You die...

.##
.....#########
y...>...^....##
......###.###.#
........yy# #.#
......###@###.#
#......###...##
#............#
##.###.####..# #
##. #..#
#...###..#
.........#######
#..............#
##.#.##.######.#


You could see 2 killer bees.

Vanquished Creatures
  2 ice beasts
  A centaur (D:5)
  3 killer bees (D:5)
  A howler monkey (D:5)
  A hound (D:2)
  An orc wizard (D:3)
  An iguana (D:4)
  A worker ant (D:5)
  2 gnolls (D:4)
  6 adders
  2 oozes (D:4)
  An adder skeleton (D:4)
  A worm (D:3)
  3 dart slugs
  6 leopard geckos
  7 orcs
  2 ball pythons
  3 giant cockroaches
  14 goblins
  8 hobgoblins
  15 jackals
  13 kobolds
  12 bats
  4 frilled lizards
  15 rats
125 creatures vanquished.

Notes
Turn   | Place    | Note
-------+----------+-------------------------------------------
     0 | D:1      | Hebeh the Minotaur Fighter began the quest for the Orb.
     0 | D:1      | Reached XP level 1. HP: 19/19 MP: 0/0
    32 | D:1      | Reached XP level 2. HP: 17/27 MP: 1/1
    65 | D:1      | Reached skill level 3 in Axes
   259 | D:1      | Reached XP level 3. HP: 28/33 MP: 2/2
   826 | D:2      | Reached XP level 4. HP: 35/40 MP: 3/3
   999 | D:2      | Reached skill level 4 in Axes
  1010 | D:2      | Found a radiant altar of Vehumet.
  1065 | D:2      | Found a snail-covered altar of Cheibriados.
  1296 | D:3      | Reached XP level 5. HP: 47/47 MP: 4/4
  1611 | D:3      | Reached skill level 5 in Axes
  2120 | D:4      | Noticed an ice beast
  2132 | D:4      | Killed an ice beast
  2132 | D:4      | Reached skill level 5 in Fighting
  2132 | D:4      | Reached skill level 5 in Shields
  2132 | D:4      | Reached XP level 6. HP: 14/56 MP: 5/5
  2517 | D:4      | Found Naoqow's Antique Armour Shoppe.
  2605 | D:4      | Reached skill level 5 in Armour
  2626 | D:4      | Found a shimmering altar of Xom.
  2638 | D:4      | Paralysed by an orc for 4 turns
  3078 | D:4      | Found a hazy altar of Hepliaklqana.
  3255 | D:5      | Entered Level 5 of the Dungeon
  3415 | D:5      | Reached skill level 6 in Axes
  3415 | D:5      | Reached XP level 7. HP: 61/61 MP: 6/6
  3452 | D:5      | Found a shattered altar of Ashenzari.
  3675 | D:5      | HP: 1/62 [killer bee (9)]
  3676 | D:5      | Succumbed to a killer bee's poison

Vault maps used:
D:1:      tarquinn_simple_flora_water_d, minmay_rat_gold_closets
D:2:      vehumet_crystals, cheibriados_altar_1, minmay_box_of_dots
D:4:      kennysheep_mini_moat, serial_forest, infiniplex_forest_clump_diagonal,
          infiniplex_forest_straight_3, infiniplex_forest_straight_4,
          infiniplex_forest_clump_diagonal, infiniplex_forest_lined_1,
          infiniplex_forest_straight_3, infiniplex_forest_clump_cross,
          infiniplex_forest_corner_2, infiniplex_forest_straight_5,
          serial_shops, nicolae_shop_trees, tgw_xom
D:5:      ashenzari_altar_1, first_ration, uniq_edmund, uniq_ijyb

Skill      XL: |  1  2  3  4  5  6 |
---------------+-------------------+-----
Axes           | 3 4 5 6 |  6.8
Fighting       | 4 5 |  5.8
Shields        | 4 5 |  5.8
Armour         | 4 5 |  5.7

Action                   |  1- 3 |  4- 6 |  7- 9 || total
-------------------------+-------+-------+-------++-------
Melee: War axe           |   103 |       |       ||   103
       Headbutt          |    13 |    22 |     2 ||    37
       Mace              |    16 |   128 |    20 ||   164
  Use: Scroll            |     1 |     4 |       ||     5
  Eat: Chunk             |       |     8 |     1 ||     9
Armor: Scale mail        |    70 |    50 |       ||   120
       Ring mail         |       |    12 |    11 ||    23
Dodge: Dodged            |    46 |    44 |    12 ||   102
Block: Shield            |    96 |    73 |    11 ||   180

Table legend:
 A = Spawn XP
 B = Non-spawn XP
 C = Spawn XP percentage of total XP
 D = Spawn monster count
 E = Non-spawn monster count
 F = Spawn count percentage of total count
 G = Total turns spent on level
                    A         B        C        D         E        F      G
               +---------+---------+-------+---------+---------+-------+---------
         Total |       0 |    1100 |   0.0 |       0 |     125 |   0.0 |  3676
               +---------+---------+-------+---------+---------+-------+---------
           D:1 |       0 |      75 |   0.0 |       0 |      46 |   0.0 |   725
           D:2 |       0 |     105 |   0.0 |       0 |      23 |   0.0 |   535
           D:3 |       0 |     164 |   0.0 |       0 |      37 |   0.0 |   851
           D:4 |       0 |     226 |   0.0 |       0 |      11 |   0.0 |  1144
           D:5 |       0 |     530 |   0.0 |       0 |       8 |   0.0 |   421
               +---------+---------+-------+---------+---------+-------+---------
